 Dungeon Crawl Stone Soup version 0.31-a0-210-gccc998df9b (webtiles) character file.

Game seed: 12108125675317898520

1103 qw the Chopper (level 8, -5/49 HPs)
             Began as a Gargoyle Fighter on June 30, 2023.
             Was an Initiate of Okawaru.
             Slain by a soul eater (16 damage)
             ... summoned by a kobold demonologist
             ... on level 5 of the Dungeon.
             The game lasted 00:01:51 (3893 turns).

qw the Chopper (Gargoyle Fighter)                   Turns: 3893, Time: 00:01:52

Health: -5/49      AC: 16    Str: 22    XL:     8   Next: 32%
Magic:  8/8        EV: 10    Int:  9    God:    Okawaru [......]
Gold:   198        SH:  4    Dex:  9    Spells: 7/7 levels left

rFire   . . .        f - +0 war axe (spect)
rCold   . . .        c - +0 buckler
rNeg    + . .        b - +0 scale mail
rPois   inf          e - +0 helmet
rElec   +            l - +0 cloak
rCorr   .            i - +1 pair of gloves
SInv    .            (no boots)
Will    .....        (no amulet) Stlth
                     (no ring)
HPRegen 0.28/turn    (no ring)
MPRegen 0.11/turn

%: no passive effects
@: no status effects
A: sickness immunity, AC +5, negative energy resistance 1, electricity
resistance, torment resistance 1, petrification resistance
a: Renounce Religion


You were on level 5 of the Dungeon.
You worshipped Okawaru.
Okawaru was noncommittal.
You visited 2 branches of the dungeon, and saw 6 of its levels.

You collected 198 gold pieces.


Innate Abilities, Weirdness & Mutations

You are immune to sickness and miasma.
Your stone body is resilient. (AC +5)
You are immune to poison.
You resist negative energy. (rN+)
You are resistant to electric shocks. (rElec)
You are resistant to unholy torment.
You are immune to petrification.


   Skills:
 - Level 5.1 Fighting
 + Level 7.7 Axes
 - Level 1.3 Throwing
 - Level 3.2 Armour
 - Level 1.9 Dodging
 - Level 3.2 Shields


You had 7 spell levels left.
You didn't know any spells.
Your spell library was empty.

Inventory:

Hand Weapons
 f - a +0 spectral war axe (weapon)
 n - a +0 hand axe of flaming
Missiles
 a - 3 boomerangs (quivered)
Armour
 b - a +0 scale mail (worn)
 c - a +0 buckler (worn)
 e - a +0 helmet (worn)
 i - a +1 pair of gloves (worn)
 l - a +0 cloak (worn)
 p - a +0 plate armour
Scrolls
 g - 5 scrolls of teleportation
 h - a scroll of identify
 q - a scroll of noise {unknown}
 r - a scroll of revelation {unknown}
Potions
 d - a potion of might
 j - 3 potions of heal wounds
 k - 2 potions of lignification
 m - a potion of curing
 o - a potion of attraction {unknown}

Dungeon Overview and Level Annotations

Branches:
Dungeon (5/15)             Temple (1/1) D:5

Altars:
Ashenzari
Cheibriados
Dithmenos
Elyvilon
Fedhas
Gozag
Hepliaklqana
Kikubaaqudgha
Makhleb
Nemelex Xobeh
Okawaru
Qazlal
Ru
Sif Muna
Trog
Uskayaw
Vehumet
Xom
Yredelemnul
Zin
The Shining One

Shops:
D:2 *


Message History

The kobold demonologist gestures wildly while chanting.
You hit the kobold demonologist but do no damage.
The kobold demonologist is severely wounded.
You hit the soul eater but do no damage.
The kobold demonologist hits you but does no damage.
The soul eater hits you!
You hit the kobold demonologist but do no damage.
The kobold demonologist is severely wounded.
You hit the soul eater but do no damage.
A kobold comes into view. It is wielding a +0 short sword.
The kobold demonologist mumbles some strange words.
The soul eater hits you but does no damage.
You hit the kobold demonologist.
The kobold demonologist is severely wounded.
You hit the soul eater.
The howler monkey hoots and howls with incredible vigour!
The kobold demonologist begins to cast a cantrip, but forgets the words!
The soul eater hits you!
The kobold demonologist mumbles some strange words.
You closely miss the kobold demonologist.
The kobold demonologist is severely wounded.
You barely miss the soul eater. The soul eater misses you.
The howler monkey hoots and howls with incredible vigour!
The kobold demonologist barely misses you.
A kobold demonologist comes into view. It is wielding a +1 dagger of draining.
You hear a shout!
You slash the kobold demonologist!
The kobold demonologist is almost dead.
You hit the soul eater. The soul eater barely misses you.
You barely miss the soul eater.
The soul eater is lightly wounded.
You slash the sixfirhy! You block the sixfirhy's attack. The sixfirhy hits you.
The sixfirhy shocks you. You resist. The sixfirhy hits you!
The sixfirhy shocks you. You resist. The soul eater closely misses you.
The kobold demonologist miscasts a cantrip.
The soul eater hits you!
You die...

##......# #. ##
##.###### # .. .#
...# # #.#. #.#
..## ..# .#. ..#
#.# .... .K#..#
#.# .....#K55.#
#.# 5K...h5K3.#
#.# #3# ..# ##@##
..# ##.#3## .##
#.###.# .# ##.#.##
.# ##.##
.######### #.#
.#.......# #.#
.#.#####.# #####.#
#........###.....#


You could see a soul eater (summoned), 2 kobold demonologists, 2 sixfirhies, a
quasit (summoned), a shadow imp (summoned), an ufetubus (summoned) and a kobold.

Vanquished Creatures
  An ice beast (D:5)
  An ogre (D:5)
  Pargi (D:4)
  2 phantoms (D:4)
  3 scorpions
  An orc priest (D:4)
  A gnoll bouda (D:5)
  2 jellies
  2 iguanas (D:5)
  2 orc wizards
  8 adders
  12 gnolls
  A white imp (D:5)
  An ufetubus (D:4)
  A worm (D:2)
  3 dart slugs
  10 orcs
  9 endoplasms
  A giant cockroach (D:2)
  4 goblins
  A hobgoblin (D:2)
  3 jackals (D:2)
  9 quokkas
  4 ball pythons
  6 bats
  3 frilled lizards
  4 rats
96 creatures vanquished.

Notes
Turn   | Place    | Note
-------+----------+-------------------------------------------
     0 | D:1      | qw the Gargoyle Fighter began the quest for the Orb.
     0 | D:1      | Reached XP level 1. HP: 14/14 MP: 1/1
     0 | D:1      | 0 ||| qw: Version: 0.3-a-24-ga2abf7b
     0 | D:1      | 0 ||| qw: Game counter: 7069
     0 | D:1      | 0 ||| qw: Melee chars always use a shield: true
     0 | D:1      | 0 ||| qw: God list: Okawaru
     0 | D:1      | 0 ||| qw: Allow faded altars: false
     0 | D:1      | 0 ||| qw: Do Orc after clearing Dungeon:15 true
     0 | D:1      | 0 ||| qw: Do second Lair branch before Depths: true
     0 | D:1      | 0 ||| qw: Lair rune preference: random
     0 | D:1      | 0 ||| qw: Goals: Normal, Zot:1-4, Slime:5, God:TSO, Crypt,
                  | Tomb, Abyss, Pan, Hells, Win
     0 | D:1      | 0 ||| PLANNING D:1-11
    86 | D:1      | Reached skill level 2 in Axes
   281 | D:1      | Reached XP level 2. HP: 19/19 MP: 2/2
   721 | D:1      | Reached skill level 3 in Axes
   755 | D:1      | 755 ||| READING 2 scrolls labelled QOAN RULAA.
   756 | D:1      | 756 ||| READING scroll of brand weapon.
   756 | D:1      | 756 ||| BRANDING +0 war axe of draining.
   757 | D:1      | 757 ||| READING 3 scrolls labelled AFRELA CIUS.
   760 | D:1      | 760 ||| READING 2 scrolls labelled CIOSACLUUHI.
   761 | D:1      | 761 ||| READING scroll labelled PEIPTE FUPP.
   771 | D:1      | 771 ||| READING scroll labelled HAAQ ZUSUMP.
   817 | D:2      | Reached XP level 3. HP: 23/23 MP: 3/3
   959 | D:2      | Found Cun Vidozee's General Store.
   984 | D:2      | 984 ||| SHOPLISTING potion of resistance (140 gold, have
                  | 52).
  1154 | D:2      | Reached XP level 4. HP: 23/28 MP: 4/4
  1157 | D:2      | Reached skill level 4 in Axes
  1157 | D:2      | 1157 ||| FLEEEEING.
  1158 | D:2      | 1158 ||| FLEEEEING.
  1159 | D:2      | 1159 ||| FLEEEEING.
  1160 | D:2      | 1160 ||| FLEEEEING.
  1161 | D:2      | 1161 ||| FLEEEEING.
  1162 | D:2      | 1162 ||| FLEEEEING.
  1163 | D:2      | 1163 ||| FLEEEEING.
  1164 | D:2      | 1164 ||| FLEEEEING.
  1165 | D:2      | 1165 ||| FLEEEEING.
  1251 | D:2      | 1251 ||| DROPPING +0 club.
  1466 | D:2      | 1466 ||| UPGRADING to +1 pair of gloves.
  1471 | D:2      | 1471 ||| DROPPING ring of magical power.
  1472 | D:2      | 1472 ||| READING scroll labelled MEKHLOU JETHUOF.
  1473 | D:2      | 1473 ||| READING 3 scrolls of identify.
  1473 | D:2      | 1473 ||| IDENTIFYING dark potion
  1474 | D:2      | 1474 ||| READING 2 scrolls of identify.
  1474 | D:2      | 1474 ||| IDENTIFYING viscous emerald potion
  1475 | D:2      | 1475 ||| DROPPING potion of invisibility.
  1529 | D:3      | Reached XP level 5. HP: 32/32 MP: 5/5
  1582 | D:3      | 1582 ||| Stepping ~*~*~tactically~*~*~ (stealth).
  1583 | D:3      | 1583 ||| Stepping ~*~*~tactically~*~*~ (stealth).
  1623 | D:3      | 1623 ||| DROPPING +0 flail.
  1778 | D:3      | Reached skill level 5 in Axes
  1823 | D:3      | Reached XP level 6. HP: 38/38 MP: 6/6
  2053 | D:3      | 2053 ||| UPGRADING to +0 cloak.
  2058 | D:3      | 2058 ||| READING 3 scrolls of identify.
  2058 | D:3      | 2058 ||| IDENTIFYING smoky black potion
  2059 | D:3      | 2059 ||| READING 2 scrolls of identify.
  2059 | D:3      | 2059 ||| IDENTIFYING fuming inky potion
  2060 | D:3      | 2060 ||| DROPPING potion of berserk rage.
  2175 | D:4      | Noticed Pargi
  2176 | D:4      | 2176 ||| Stepping ~*~*~tactically~*~*~ (stealth).
  2203 | D:4      | Killed Pargi
  2204 | D:4      | Reached skill level 1 in Dodging
  2424 | D:4      | 2424 ||| Stepping ~*~*~tactically~*~*~ (hiding).
  2438 | D:4      | Reached XP level 7. HP: 15/43 MP: 7/7
  2443 | D:4      | 2443 ||| Stepping ~*~*~tactically~*~*~ (stealth).
  2610 | D:4      | Reached skill level 6 in Axes
  2942 | D:4      | 2942 ||| Stepping ~*~*~tactically~*~*~ (hiding).
  3070 | D:4      | 3070 ||| UPGRADING to +0 helmet.
  3075 | D:4      | 3075 ||| DROPPING orb of energy.
  3076 | D:4      | 3076 ||| READING 3 scrolls of identify.
  3076 | D:4      | 3076 ||| IDENTIFYING golden potion
  3077 | D:4      | 3077 ||| READING 2 scrolls of identify.
  3077 | D:4      | 3077 ||| IDENTIFYING fuming dark potion
  3078 | D:4      | 3078 ||| DROPPING potion of ambrosia.
  3115 | D:5      | Entered Level 5 of the Dungeon
  3130 | D:5      | HP: 9/43 [gnoll bouda/+4 whip of venom (5)]
  3131 | D:5      | 3131 ||| READING 5 scrolls of teleportation.
  3132 | D:5      | 3132 ||| DRINKING 4 potions of heal wounds.
  3134 | D:5      | Found a staircase to the Ecumenical Temple.
  3135 | D:5      | 3135 ||| PLANNING TEMPLE
  3140 | D:5      | Reached skill level 7 in Axes
  3168 | Temple   | Entered the Ecumenical Temple
  3207 | Temple   | 3207 ||| PLANNING OKAWARU WORSHIP
  3437 | Temple   | Became a worshipper of Warmaster Okawaru
  3438 | Temple   | 3438 ||| PLANNING D:1-11
  3519 | D:5      | Reached XP level 8. HP: 44/48 MP: 8/8
  3645 | D:5      | Reached skill level 1 in Throwing
  3662 | D:5      | 3662 ||| Stepping ~*~*~tactically~*~*~ (stealth).
  3663 | D:5      | 3663 ||| Stepping ~*~*~tactically~*~*~ (stealth).
  3719 | D:5      | 3719 ||| Stepping ~*~*~tactically~*~*~ (stealth).
  3721 | D:5      | 3721 ||| Stepping ~*~*~tactically~*~*~ (hiding).
  3722 | D:5      | 3722 ||| Stepping ~*~*~tactically~*~*~ (hiding).
  3724 | D:5      | 3724 ||| Stepping ~*~*~tactically~*~*~ (hiding).
  3734 | D:5      | 3734 ||| FLEEEEING.
  3735 | D:5      | 3735 ||| FLEEEEING.
  3736 | D:5      | 3736 ||| FLEEEEING.
  3737 | D:5      | 3737 ||| FLEEEEING.
  3743 | D:5      | 3743 ||| FLEEEEING.
  3872 | D:5      | Noticed a kobold demonologist
  3875 | D:5      | 3875 ||| Stepping ~*~*~tactically~*~*~ (hiding).
  3888 | D:5      | Noticed a soul eater
  3891 | D:5      | Noticed a sixfirhy
  3891 | D:5      | Noticed a kobold demonologist
  3893 | D:5      | Noticed a sixfirhy
  3893 | D:5      | HP: 11/49 [sixfirhy[a kobold demonologist] (3)]
  3893 | D:5      | Slain by a soul eater

Levels and vault maps discovered:
D:1:      grunt_arrival_crossed_arrows, layout_basic, grunt_decor_mini_mirrors
D:2:      minmay_chambers_of_ones, layout_rooms, serial_shops, shop,
          minmay_crystal_room
D:3:      layout_basic, serial_glass, glass_columns_a, glass_columns_a
D:4:      layout_loops_ring, uniq_pargi
D:5:      layout_loops_cross, minmay_temple_entry_trees
Temple:   roderic_octagonal_lattice_temple

Skill      XL: |  1  2  3  4  5  6  7  8 |
---------------+-------------------------+-----
Axes           | 2 3 4 5 7 |  7.7
Fighting       | 4 5 |  5.1
Dodging        | 1 |  1.9
Throwing       | 1 |  1.3
Armour         | |  3.2
Shields        | |  3.2

Action                     |  1- 3 |  4- 6 |  7- 9 || total
---------------------------+-------+-------+-------++-------
  Melee: War axe           |    82 |    93 |   106 ||   281
  Throw: Boomerang         |     7 |    38 |    31 ||    76
    Use: Scroll            |     6 |     5 |     3 ||    14
         Potion            |       |       |     1 ||     1
   Stab: Distracted        |     1 |       |     2 ||     3
 Armour: Scale mail        |    39 |    72 |    38 ||   149
  Dodge: Dodged            |    40 |    58 |    35 ||   133
  Block: Buckler           |    17 |    26 |    21 ||    64

Table legend:
 A = Non-vault XP
 B = Vault XP
 C = Vault XP percentage of total XP
 D = Non-vault monster count
 E = Vault monster count
 F = Vault count percentage of total count
                 A         B        C        D         E       F
            +---------+---------+-------+---------+---------+-------
      Total |    1433 |     143 |   9.1 |      90 |       6 |   6.2
            +---------+---------+-------+---------+---------+-------
        D:1 |      33 |       0 |   0.0 |      19 |       0 |   0.0
        D:2 |     107 |      22 |  17.1 |      17 |       5 |  22.7
        D:3 |     159 |       0 |   0.0 |      13 |       0 |   0.0
        D:4 |     453 |     121 |  21.1 |      25 |       1 |   3.8
        D:5 |     681 |       0 |   0.0 |      16 |       0 |   0.0
            +---------+---------+-------+---------+---------+-------
